 Dungeon Crawl Stone Soup version 0.20.1-1-g8b1a95d (webtiles) character file.

22 slep the Grasshopper (level 2, -1/20 HPs)
             Began as a Demonspawn Wanderer on Oct 22, 2017.
             Slain by a kobold
             ... wielding a +0 short sword
              (4 damage)
             ... on level 2 of the Dungeon.
             The game lasted 00:06:12 (969 turns).

slep the Grasshopper (Demonspawn Wanderer)           Turns: 969, Time: 00:06:12

Health: -1/20      AC:  5    Str:  7 (10) XL:     2   Next: 68%
Magic:  5/5        EV: 11    Int: 13 (15) God:
Gold:   33         SH:  0    Dex:  9 (12) Spells: 5/6 levels left

rFire    + . .     SeeInvis .   b - +0 hand crossbow
rCold    . . .     Gourm    .   (no shield)
rNeg     . . .     Faith    .   e - +0 robe
rPois    .         Spirit   .   m - +2 helmet
rElec    .         Reflect  .   (no cloak)
rCorr    .         Harm     .   (no gloves)
MR       .....                  (no boots)
Stlth    +.........             (no amulet)
Regen    0.1/turn               (no ring)
MPRegen  0.1/turn               (no ring)

@: no status effects
A: fire resistance 1
a: no special abilities


You were on level 2 of the Dungeon.
You were not hungry.

You visited 1 branch of the dungeon, and saw 2 of its levels.

You collected 33 gold pieces.

Inventory:

Hand Weapons
 b - a +0 hand crossbow (weapon)
Missiles
 c - 25 bolts (quivered)
Armour
 e - a +0 robe (worn)
 i - a +1 hat
 m - a +2 helmet (worn)
Scrolls
 d - a scroll of teleportation
 g - 2 scrolls of identify {unknown}
 k - a scroll of blinking {unknown}
 l - a scroll of fear {unknown}
 o - 2 scrolls of magic mapping {unknown}
 r - a scroll of remove curse {unknown}
Potions
 h - 2 potions of curing
Books
 a - a book of Minor Magic

   Spells                             Type                      Level
   a - Magic Dart                     Conjuration                  1
   b - Blink                          Translocation                2
   c - Call Imp                       Summoning                    2
   d - Slow                           Hexes                        2
   e - Conjure Flame                  Conjuration/Fire             3
   f - Mephitic Cloud                 Conjuration/Poison/Air       3
Comestibles
 f - a bread ration
 j - a royal jelly
 n - 4 chunks of flesh
 p - 3 meat rations


   Skills:
 + Level 0.6 Fighting
 + Level 1.3 Crossbows
 + Level 2.0 Armour
 + Level 0.1 Dodging
 + Level 1.0 Stealth
   Level 1.0 Shields
 + Level 2.5 Spellcasting
   Level 2.6 Translocations


You had 5 spell levels left.
You knew the following spells:

 Your Spells              Type           Power        Failure   Level  Hunger
a - Magic Dart            Conj           #...         24%         1    #......


Dungeon Overview and Level Annotations

Branches:
Dungeon (2/15)

Altars:


Innate Abilities, Weirdness & Mutations

Your flesh is heat resistant. (rF+)


Message History

The kobold is heavily wounded.
The kobold hits you but does no damage.
You barely miss the kobold.
The kobold is heavily wounded.
The kobold hits you with a short sword.
* * * LOW HITPOINT WARNING * * *
You hit the kobold but do no damage.
The kobold is heavily wounded.
The kobold hits you but does no damage.
You hit the kobold but do no damage.
The kobold is heavily wounded.
The kobold hits you with a short sword.
* * * LOW HITPOINT WARNING * * *
You hit the kobold but do no damage.
The kobold is heavily wounded.
The kobold closely misses you.
Wield which item (- for none, * to show all)? (? for menu, Esc to quit)
b - a +0 hand crossbow (weapon)
The kobold hits you with a short sword.
You die...

..(........##
............#
...........#
#.........##
#..........#
#........#.#
#......$.#.###
#....?.K@....#
####...##....#
#...##....#
#...####.##
#...# #..#
##### ##.#.#
##### #.#.#
#...# #.#.#
#...# #.#.#
#...#


You could see a kobold.

Vanquished Creatures
  2 leopard geckos (D:1)
  2 giant cockroaches
  2 goblins
  3 hobgoblins (D:1)
  4 jackals (D:2)
  A bat (D:1)
  A frilled lizard (D:1)
  A kobold (D:1)
  A rat (D:1)
17 creatures vanquished.

Notes
Turn   | Place    | Note
-------+----------+-------------------------------------------
     0 | D:1      | slep the Demonspawn Wanderer began the quest for the Orb.
     0 | D:1      | slep set off with: a book of Minor Magic, a +0 hand crossbow, 27 bolts, a scroll of teleportation, a +0 robe, a bread ration
     0 | D:1      | Reached XP level 1. HP: 13/13 MP: 3/3
     2 | D:1      | Learned a level 1 spell: Magic Dart
   262 | D:1      | Gained mutation: Your flesh is heat resistant. (rF+) [demonic ancestry]
   262 | D:1      | Reached XP level 2. HP: 19/19 MP: 5/5
   969 | D:2      | Slain by a kobold

Skill      XL: |  1 |
---------------+----+-----
Armour         | 2 |  2.0
Fighting       | |  0.6
Crossbows      | |  1.3
Dodging        | |  0.1
Stealth        | |  1.0
Shields        | |  1.0
Spellcasting   | |  2.5
Translocations | |  2.6

Action                   || total
-------------------------++-------
Melee: Unarmed           ||    24
 Fire: Hand crossbow     ||    46
  Use: Potion            ||     3
Armor: Robe              ||    27
Dodge: Dodged            ||    33
